 Dungeon Crawl Stone Soup version 0.21-a0-496-g696f58f (webtiles) character file.

48 tof the Ruffian (level 3, -5/36 HPs)
             Began as a Troll Berserker on Nov 23, 2017.
             Was a Believer of Trog.
             Killed from afar by Sigmund (10 damage)
             ... with a puff of flame
             ... on level 2 of the Dungeon.
             The game lasted 00:01:08 (993 turns).

tof the Ruffian (Troll Berserker)                    Turns: 993, Time: 00:01:09

Health: -5/36      AC:  5    Str: 25    XL:     3   Next: 50%
Magic:  2/2        EV: 10    Int:  3    God:    Trog [**....]
Gold:   65         SH:  0    Dex: 10    Spells: 2/2 levels left

rFire    . . .     SeeInvis .     - Unarmed
rCold    . . .     Gourm    +   (no shield)
rNeg     . . .     Faith    .   a - +0 animal skin
rPois    .         Spirit   .   (helmet restricted)
rElec    .         Reflect  .   (no cloak)
rCorr    .         Harm     .   (gloves unavailable)
MR       .....                  (boots unavailable)
Stlth    +.........             (no amulet)
HPRegen  0.52/turn              (no ring)
MPRegen  0.08/turn              (no ring)

@: berserk cooldown, slowed, very slow
A: large, unfitting armour, claws 3, fast metabolism 3, gourmand, regeneration
1, shaggy fur 1, tough skin 2
a: Berserk, Trog's Hand, Burn Spellbooks, Renounce Religion


You were on level 2 of the Dungeon.
You worshipped Trog.
Trog was pleased with you.
You were not hungry.

You visited 1 branch of the dungeon, and saw 2 of its levels.

You collected 65 gold pieces.

Inventory:

Armour
 a - a +0 animal skin (worn)
Scrolls
 c - a scroll of amnesia {unknown}
 e - 2 scrolls of remove curse {unknown}
 f - a scroll of enchant weapon {unknown}
 g - a scroll of teleportation {unknown}
 i - a scroll of identify {unknown}
Comestibles
 b - 2 bread rations
 d - a meat ration
 h - 2 fruits


   Skills:
 + Level 2.8 Fighting
 + Level 2.8 Dodging
 * Level 3.9 Unarmed Combat


You had 2 spell levels left.
You didn't know any spells.

Dungeon Overview and Level Annotations

Branches:
Dungeon (2/15)

Altars:

Annotations:
D:2 Sigmund


Innate Abilities, Weirdness & Mutations

You are too large for most types of armour.
You have claws for hands.
Your metabolism is lightning-fast.
You like to eat raw meat.
Your natural rate of healing is unusually fast.
You are covered in fur. (AC +1)
You have very tough skin. (AC +2)


Message History

Sigmund casts a spell at you. The magic dart hits you!
* * * LOW HITPOINT WARNING * * *
You scratch Sigmund.
Sigmund is heavily wounded.
The goblin hits you but does no damage. Sigmund barely misses you.
The goblin closely misses you.
You claw Sigmund!
Sigmund is almost dead.
The jackal bites you but does no damage.
Sigmund closely misses you. The goblin closely misses you.
The jackal completely misses you.
You completely miss Sigmund.
Sigmund is almost dead.
The jackal bites you.
* * * LOW HITPOINT WARNING * * *
The goblin hits you but does no damage. Sigmund casts a spell at you.
The puff of flame hits you!
You die...

##.#.# ....# .... #...#
#.#. .. #..?$ ... ...
#...# #<# ....
#...###.###.#.#
#.............#
#...@h........#
##..g@.........
############>.....######
#..............†....#
#.)...............#.....
#..########.......######
#..# ##......... #..#
##...##### #..# #####


You could see Sigmund, a jackal and a goblin.

Vanquished Creatures
  An ooze (D:1)
  A worm (D:2)
  2 dart slugs
  A bat (D:1)
  5 giant cockroaches (D:1)
  6 goblins (D:1)
  2 hobgoblins (D:1)
  5 jackals
  4 kobolds (D:1)
  2 frilled lizards
  4 rats
33 creatures vanquished.

Notes
Turn   | Place    | Note
-------+----------+-------------------------------------------
     0 | D:1      | tof the Troll Berserker began the quest for the Orb.
     0 | D:1      | Reached XP level 1. HP: 22/22 MP: 0/0
    58 | D:1      | Reached XP level 2. HP: 26/29 MP: 1/1
   502 | D:1      | Reached XP level 3. HP: 36/36 MP: 2/2
   920 | D:2      | Reached ** piety under Trog
   963 | D:2      | Noticed Sigmund
   993 | D:2      | Killed from afar by Sigmund

Vault maps used:
D:1:      minmay_arrival_hallway, minmay_misc_feat_plants
D:2:      first_bread, uniq_robin, uniq_sigmund

Action                   || total
-------------------------++-------
Melee: Unarmed           ||    73
       Punch             ||     1
Invok: Berserk           ||     1
  Eat: Chunk             ||    10
Armor: Animal skin       ||    27
Dodge: Dodged            ||    60

Table legend:
 A = Spawn XP
 B = Non-spawn XP
 C = Spawn XP percentage of total XP
 D = Spawn monster count
 E = Non-spawn monster count
 F = Spawn count percentage of total count
 G = Total turns spent on level
                    A         B        C        D         E        F      G
               +---------+---------+-------+---------+---------+-------+---------
         Total |       0 |      69 |   0.0 |       0 |      33 |   0.0 |   993
               +---------+---------+-------+---------+---------+-------+---------
           D:1 |       0 |      56 |   0.0 |       0 |      28 |   0.0 |   906
           D:2 |       0 |      13 |   0.0 |       0 |       5 |   0.0 |    87
               +---------+---------+-------+---------+---------+-------+---------
